 Dungeon Crawl Stone Soup version 0.19.0-11-g3fc08b3 (webtiles) character file.

97468 Gingerlord the Carver (level 16, -9/128 HPs)
             Began as a Human Monk on Nov 8, 2016.
             Was the Champion of Okawaru.
             Mangled by a salamander
             ... wielding a +0 trident
              (22 damage)
             ... on level 2 of the Snake Pit on Nov 9, 2016.
             The game lasted 01:44:11 (36142 turns).

Gingerlord the Carver (Human Monk)                 Turns: 36142, Time: 01:44:11

Health: -9/128     AC: 25    Str: 24    XL:     16   Next: 69%
Magic:  24/24      EV: 15    Int: 10    God:    Okawaru [******]
Gold:   491        SH: 16    Dex: 16    Spells: 0 memorised, 15 levels left

rFire  x . .     SeeInvis +     h - +0 double sword (slice)
rCold  + + +     Gourm    .     k - +7 chain mail of Nitzyum {Str+5}
rNeg   . . .     Faith    .     a - +0 shield {reflect}
rPois  +         Spirit   .     U - +2 hat
rElec  .         Reflect  +     C - +0 cloak
rCorr  .         Harm     .     S - +2 pair of gloves {archery}
MR     ++...                    G - +2 pair of boots
Stlth  ..........               K - +3 amulet of reflection
                                N - ring "Qeschuete" {rPois rF- rC+++ SInv Stlth+}
                                w - ring of protection from magic

@: no status effects
A: horns 1, talons 1, deformed body, subdued magic 1
a: Heroism, Finesse, Renounce Religion


You were on level 2 of the Snake Pit.
You worshipped Okawaru.
Okawaru was exalted by your worship.
You were very hungry.

You visited 5 branches of the dungeon, and saw 26 of its levels.
You also visited: Ice Cave.

You collected 2009 gold pieces.
You spent 1518 gold pieces at shops.

Inventory:

Hand Weapons
 h - a +0 double sword of slicing (weapon)
 y - the +7 demon blade "Ryebbo Quta" {drain, *Rage +Rage Str+3 Int+7}
   (Okawaru gifted it to you on level 13 of the Dungeon)

   A truly terrible weapon, it drains the life of those it strikes.
   It affects your strength (+3).
   It affects your intelligence (+7).
   It lets you go berserk.
   It may make you go berserk in combat.
Missiles
 J - 11 javelins of penetration (quivered)
Armour
 a - a +0 shield of reflection (worn)
 k - the +7 chain mail of Nitzyum (worn) {Str+5}
   (Okawaru gifted it to you on level 1 of the Orcish Mines)

   It affects your strength (+5).
 s - a +0 crystal plate armour
 C - a +0 cloak (worn)
 D - a +2 large shield
 G - a +2 pair of boots (worn)
 S - a +2 pair of gloves of archery (worn)
 U - a +2 hat (worn)
Jewellery
 f - an uncursed ring of flight
 g - an uncursed ring of resist corrosion
 w - a ring of protection from magic (left hand)
 K - a +3 amulet of reflection (around neck)
 L - a +4 ring of strength
 N - the ring "Qeschuete" (right hand) {rPois rF- rC+++ SInv Stlth+}
   (You bought it in a shop on level 13 of the Dungeon)

   [ring of see invisible]

   It makes you vulnerable to fire.
   It renders you almost immune to cold.
   It protects you from poison.
   It lets you see invisible.
   It makes you more stealthy.
Wands
 u - a wand of digging (12/24)
Scrolls
 d - 8 scrolls of magic mapping
 e - 7 scrolls of remove curse
 i - 5 scrolls of enchant armour
 j - 6 scrolls of identify
 l - 3 scrolls of enchant weapon
 q - 2 scrolls of fog
Potions
 m - 3 potions of haste
 n - 2 potions of agility
 o - 5 potions of lignification
 p - 2 potions of curing
 t - 2 potions of flight
 x - 8 potions of might
 E - 4 potions of heal wounds
 F - a potion of magic
 H - 2 potions of brilliance
 I - 3 potions of berserk rage
 M - a potion of cure mutation
 T - a potion of resistance
Comestibles
 c - 9 bread rations
 z - 6 meat rations
 A - 2 royal jellies
 B - 13 fruits
 Q - 3 slices of pizza


   Skills:
 + Level 12.3 Fighting
 + Level 12.6 Long Blades
 + Level 12.0 Armour
 + Level 12.1 Dodging
 - Level 2.0 Stealth
 + Level 12.0 Shields
 - Level 11.1 Invocations


You had 15 spell levels left.
You didn't know any spells.

Dungeon Overview and Level Annotations

Branches:
Dungeon (15/15)            Temple (1/1) D:4            Lair (6/6) D:11
 Shoals (0/4) Lair:4        Snake (2/4) Lair:3        Slime (0/5) Lair:6
    Orc (2/2) D:9             Elf (0/3) Orc:2        Vaults (0/5) D:14
 Depths: D:15

Altars:
Ashenzari
Cheibriados
Dithmenos
Elyvilon
Fedhas
Makhleb
Okawaru
Sif Muna
Xom
Zin
Jiyva

Shops:
D:9 :   D:13 [[=?[   D:14 *   Orc:2 *%   Snake:1 ?

Annotations:
D:8 Gastronok
D:11 1 exclusion
Lair:6 1 runed door, Astrith's ghost, journeyman GrVM
Orc:2 Nessos


Innate Abilities, Weirdness & Mutations

You have a pair of small horns on your head.
You have sharp toenails.
Armour fits poorly on your strangely shaped body.
Your spells are a little easier to cast, but a little less powerful.


Message History

The salamander is lightly wounded.
The salamander hits you from afar with a trident!
You are engulfed in flames!
The fire burns you terribly! You block the salamander's attack.
You slash the salamander!
The salamander is lightly wounded.
The salamander hits you but does no damage. x2
You block the salamander's attack.
You hit the salamander.
The salamander is moderately wounded.
You block the salamander's attack.
You slice the salamander!! You headbutt the salamander.
The salamander is heavily wounded.
The salamander hits you with a halberd!
You are engulfed in flames!!
The fire burns you terribly!
* * * LOW HITPOINT WARNING * * *
The salamander hits you from afar with a trident!
* * * LOW HITPOINT WARNING * * *
You are engulfed in flames!!
The fire burns you terribly!
You die...

#...............
#..#####.........
##.....###
##.....## ###.#
#..###.# ....#
###.## #.# ....#
##..## #.## ..###
#..## #..######.
.## ##.##
#.@)N..... .##
#..# #.N)......
..####..#
#..#####..
.(......# ...#
.......## .....
.......# #.....
......## ##..##
....(.# #..
......#


You could see 2 salamanders.

Vanquished Creatures
  Rupert (Lair:4)
  Kirke (Lair:5)
  Donald (Orc:2)
  The ghost of Sestren413 the Carver, a journeyman NaMo of Dithmenos (D:12)
  The ghost of Firebatgyro the Covert, a journeyman DEHu of Dithmenos (Lair:4)
  3 vault guards
  A rakshasa (D:15)
  2 naga warriors (Snake:2)
  An ogre mage (Orc:1)
  10 anacondas
  2 centaur warriors
  A queen ant (Lair:2)
  A death knight (D:13)
  A tengu warrior (D:15)
  2 shock serpents
  3 naga sharpshooters
  A soul eater (Orc:2)
  Nergalle (D:11)
  A salamander mystic (Snake:2)
  3 skeletal warriors (D:15)
  2 unseen horrors
  4 naga ritualists (Snake:1)
  3 orc knights
  6 hill giants
  A deep elf mage (D:15)
  2 salamanders
  A wolf spider zombie (D:15)
  11 mana vipers
  3 ugly things
  3 orc sorcerers
  3 cyclopes
  Maurice (D:9)
  A manticore (D:12)
  Joseph (D:8)
  A rust devil (Orc:2)
  6 naga magi
  A molten gargoyle (Lair:6)
  18 black mambas
  A smoke demon (Orc:2)
  4 gargoyles (D:14)
  9 spiny frogs
  3 rime drakes
  3 komodo dragons
  2 tengu conjurers (D:15)
  A hellwing (Orc:2)
  9 trolls
  5 two-headed ogres
  A harpy skeleton (D:15)
  8 polar bears
  14 blink frogs
  A meliai zombie (D:13)
  9 hippogriffs
  2 wraiths
  A centaur simulacrum (D:15)
  2 shadows
  A human (D:13)
  A wyvern (Lair:2)
  7 basilisks
  25 yaks
  2 steam dragons
  A hog (D:13)
  A neqoxec (Orc:2)
  A mottled dragon (D:15)
  A hungry ghost (D:13)
  5 nagas
  7 wargs
  3 hell hounds
  29 water moccasins
  21 soldier ants
  9 porcupines
  25 orc warriors
  12 ice beasts
  5 phantoms
  4 sky beasts
  9 ogres
  15 wolves
  5 centaurs
  2 big kobolds
  12 crocodiles
  20 bullfrogs
  2 wyvern skeletons
  2 scorpions
  7 killer bees
  7 wights
  4 howler monkeys
  A centaur zombie (D:6)
  5 bullfrog zombies
  2 lava snakes (Lair:6)
  5 jellies
  5 crimson imps
  A centaur skeleton (D:4)
  21 orc priests
  4 bullfrog skeletons
  4 hounds
  22 orc wizards
  Ijyb (D:2)
  6 iguanas
  32 worker ants
  A hound zombie (D:11)
  2 worker ant zombies
  Robin (D:3)
  22 adders
  4 shadow imps
  3 adder skeletons (D:4)
  An adder zombie (D:8)
  2 worms (D:3)
  2 dart slugs
  5 leopard geckos
  84 orcs
  3 bats
  3 giant cockroaches
  16 goblins
  12 hobgoblins
  20 jackals
  5 quokkas
  7 ball pythons
  2 frilled lizards (D:3)
  A jackal skeleton (D:6)
  A jackal zombie (D:7)
  12 kobolds
  A leopard gecko skeleton (D:6)
  A leopard gecko zombie (D:6)
  4 rats
750 creatures vanquished.

Vanquished Creatures (others)
  Fannar (D:9)
  A deep elf archer (D:14)
  A black mamba (Snake:1)
  A blink frog (Lair:5)
  7 humans (Lair:5)
  An orc warrior (Orc:2)
  An adder skeleton (D:9)
  2 orcs (Orc:1)
  2 butterflies (Lair:5)
  A fulminant prism (Lair:6)
  19 fungi
  3 plants
40 creatures vanquished.

Grand Total: 790 creatures vanquished

Notes
Turn   | Place    | Note
-------+----------+-------------------------------------------
     0 | D:1      | Gingerlord the Human Monk began the quest for the Orb.
     0 | D:1      | Reached XP level 1. HP: 18/18 MP: 1/1
   610 | D:1      | Reached XP level 2. HP: 24/24 MP: 2/2
   935 | D:1      | Reached skill level 1 in Armour
  1075 | D:2      | Reached XP level 3. HP: 29/29 MP: 3/3
  1188 | D:2      | Noticed Ijyb
  1208 | D:2      | Killed Ijyb
  1208 | D:2      | Reached skill level 1 in Shields
  1208 | D:2      | Reached XP level 4. HP: 35/35 MP: 4/4
  1765 | D:3      | Reached XP level 5. HP: 26/41 MP: 5/5
  2326 | D:3      | Noticed Robin
  2377 | D:3      | Killed Robin
  2645 | D:3      | Reached XP level 6. HP: 44/48 MP: 6/6
  3102 | D:4      | Found a staircase to the Ecumenical Temple.
  3122 | Temple   | Entered the Ecumenical Temple
  3133 | Temple   | Became a worshipper of Warmaster Okawaru
  3133 | Temple   | Reached * piety under Okawaru
  3133 | Temple   | Reached ** piety under Okawaru
  3454 | D:5      | Entered Level 5 of the Dungeon
  3509 | D:5      | Reached XP level 7. HP: 43/54 MP: 7/7
  4182 | D:5      | Reached XP level 8. HP: 41/61 MP: 8/8
  4733 | D:6      | Reached skill level 5 in Fighting
  4733 | D:6      | Reached skill level 5 in Long Blades
  4930 | D:6      | Reached *** piety under Okawaru
  5097 | D:6      | Reached skill level 5 in Dodging
  6078 | D:7      | Reached XP level 9. HP: 39/68 MP: 9/9
  6930 | D:8      | Noticed Gastronok
  7348 | D:8      | Noticed Maurice
  7542 | D:8      | Reached skill level 5 in Shields
  7549 | D:8      | Reached **** piety under Okawaru
  7898 | D:8      | Noticed Joseph
  8215 | D:9      | Found a staircase to the Orcish Mines.
  8216 | D:9      | Noticed a hippogriff
  8583 | D:8      | Killed Joseph
  8583 | D:8      | Reached skill level 5 in Armour
  8951 | D:8      | Got a dazzling ring mail
  8985 | D:8      | Identified the cursed +1 ring mail "Ymionk" {Str+4} (You took it off an orc on level 8 of the Dungeon)
  9277 | D:9      | Noticed a troll
  9992 | D:8      | Reached XP level 10. HP: 51/77 MP: 10/10
 10386 | D:9      | Reached skill level 1 in Invocations
 11088 | D:9      | Reached ***** piety under Okawaru
 11156 | D:8      | Received a gift from Okawaru
 11474 | D:9      | Found Iplonidde's Book Shop.
 11527 | D:9      | Killed Maurice
 11697 | D:10     | Entered Level 10 of the Dungeon
 11927 | D:10     | Noticed a hill giant
 11941 | D:10     | Killed a hill giant
 12061 | D:10     | Reached XP level 11. HP: 82/84 MP: 13/13
 13170 | D:11     | Found a staircase to the Lair.
 13353 | D:11     | Received a gift from Okawaru
 13353 | D:11     | Reached ****** piety under Okawaru
 13473 | D:11     | Noticed a hill giant
 13485 | D:11     | Killed a hill giant
 13534 | D:11     | Noticed Nergalle
 13554 | D:11     | Killed Nergalle
 13936 | D:11     | Gained mutation: You have sharp toenails. [potion of beneficial mutation]
 13937 | D:11     | Identified a scroll of acquirement
 14029 | D:11     | Noticed a hill giant
 14038 | D:11     | Killed a hill giant
 14074 | Lair:1   | Entered Level 1 of the Lair of Beasts
 14420 | Lair:1   | HP: 2/87 [porcupine's spines (12)]
 14425 | Lair:1   | Reached skill level 5 in Invocations
 15017 | Lair:1   | Reached XP level 12. HP: 74/94 MP: 15/15
 15299 | Lair:2   | Noticed a four-headed hydra
 15448 | Orc:1    | Entered Level 1 of the Orcish Mines
 15452 | Orc:1    | Found a frozen archway.
 15463 | Orc:1    | Noticed Fannar
 15807 | D:9      | Killed Fannar
 15904 | IceCv    | Entered an ice cave
 16334 | IceCv    | Gained mutation: You have a pair of small horns on your head. [potion of beneficial mutation]
 16792 | Orc:2    | Entered Level 2 of the Orcish Mines
 16945 | Orc:2    | Noticed Donald
 17061 | Orc:1    | Received a gift from Okawaru
 17474 | Orc:1    | Got an encrusted chain mail {god gift}
 17485 | Orc:1    | Identified the +7 chain mail of Nitzyum {Str+5} (Okawaru gifted it to you on level 1 of the Orcish Mines)
 17779 | Orc:2    | Killed Donald
 17779 | Orc:2    | Reached XP level 13. HP: 96/101 MP: 11/18
 17881 | Orc:2    | Found a staircase to the Elven Halls.
 17922 | Orc:2    | Noticed Nessos
 19129 | Lair:2   | Reached skill level 10 in Long Blades
 19626 | Lair:2   | Reached skill level 10 in Fighting
 20818 | Lair:3   | Found a staircase to the Snake Pit.
 20839 | Lair:3   | Received a gift from Okawaru
 21360 | Lair:3   | Noticed a seven-headed hydra
 21680 | Lair:4   | Noticed Rupert
 21692 | Lair:4   | Killed Rupert
 21692 | Lair:4   | Reached skill level 10 in Dodging
 21692 | Lair:4   | Reached XP level 14. HP: 90/110 MP: 12/20
 21909 | Lair:4   | Found a staircase to the Shoals.
 21968 | Lair:4   | Noticed Firebatgyro's ghost (journeyman DEHu)
 21984 | Lair:4   | Killed Firebatgyro's ghost
 21984 | Lair:4   | Reached skill level 10 in Armour
 22164 | Lair:4   | Reached skill level 10 in Shields
 22513 | Lair:5   | Noticed Kirke
 22530 | Lair:5   | Killed Kirke
 22575 | Lair:5   | Found a shadowy altar of Dithmenos.
 22839 | Lair:5   | Received a gift from Okawaru
 23130 | Lair:6   | Entered Level 6 of the Lair of Beasts
 23200 | Lair:6   | Noticed Astrith's ghost (journeyman GrVM)
 25562 | Lair:6   | Found a runed door.
 25563 | Lair:6   | Noticed an acid blob
 25564 | Lair:6   | Found a viscous altar of Jiyva.
 25565 | Lair:6   | Found a staircase to the Slime Pits.
 26449 | D:12     | Received a gift from Okawaru
 26674 | D:12     | Noticed Sestren413's ghost (journeyman NaMo)
 26701 | D:12     | Killed Sestren413's ghost
 27094 | D:13     | Found Urov's Magic Scroll Emporium.
 27099 | D:13     | Bought a scroll of identify for 24 gold pieces
 27099 | D:13     | Bought a scroll of teleportation for 36 gold pieces
 27099 | D:13     | Bought a scroll of identify for 24 gold pieces
 27099 | D:13     | Bought a scroll of identify for 24 gold pieces
 27109 | D:13     | Found Ruson's Armour Shoppe.
 27219 | D:13     | Received a gift from Okawaru
 27467 | D:13     | Found Fiohuhoz's Jewellery Shoppe.
 27491 | D:13     | Reached skill level 10 in Invocations
 27495 | D:13     | Reached XP level 15. HP: 64/118 MP: 22/22
 27504 | D:13     | Bought a +3 amulet of reflection for 350 gold pieces
 27504 | D:13     | Bought the ring "Qeschuete" {rPois rF- rC+++ SInv Stlth+} for 798 gold pieces
 27729 | D:13     | Found Estrast's Antique Armour Shop.
 27857 | D:13     | Found Feint's Antique Armour Shop.
 27978 | D:13     | Bought a pair of runed boots for 262 gold pieces
 28626 | D:14     | Found a blossoming altar of Fedhas.
 28814 | D:14     | Found Vettit's General Store.
 28850 | D:14     | Got a glittering wooden ring
 28855 | D:14     | Identified the cursed ring of Poysmato {rElec rF- AC-5 Int+2 Slay+2} (You found it on level 14 of the Dungeon)
 29496 | D:13     | Received a gift from Okawaru
 29499 | D:13     | Got a smoking demon blade {god gift}
 29500 | D:13     | Identified the +7 demon blade "Ryebbo Quta" {drain, *Rage +Rage Str+3 Int+7} (Okawaru gifted it to you on level 13 of the Dungeon)
 29881 | D:14     | Found a gate to the Vaults.
 30164 | D:15     | Entered Level 15 of the Dungeon
 31214 | Orc:2    | Found Fogismef's Food Shoppe.
 31230 | Orc:2    | Gained mutation: Your spells are a little easier to cast, but a little less powerful. [a neqoxec]
 31231 | Orc:2    | Gained mutation: Armour fits poorly on your strangely shaped body. [a neqoxec]
 31374 | Orc:2    | Found Musowory's General Store.
 31423 | Orc:2    | Received a gift from Okawaru
 32556 | Snake:1  | Entered Level 1 of the Snake Pit
 32578 | Snake:1  | Received a gift from Okawaru
 32968 | Snake:1  | Reached XP level 16. HP: 110/127 MP: 24/24
 33705 | Snake:1  | Found Byick's Magic Scroll Boutique.
 34796 | Snake:1  | Received a gift from Okawaru
 36142 | Snake:2  | Mangled by a salamander

Skill      XL: |  1  2  3  4  5  6  7  8  9 10 11 12 13 14 15 16 |
---------------+-------------------------------------------------+-----
Armour         | 1 2 3 4 5 6 7 8 9 10 11 12 | 12.0
Shields        | 1 2 3 4 5 6 7 8 9 10 11 12 | 12.0
Long Blades    | 4 5 6 7 8 9 10 11 12 | 12.6
Dodging        | 4 5 6 7 8 9 10 11 12 | 12.1
Fighting       | 4 5 6 7 8 9 10 11 12 | 12.3
Invocations    | 3 5 7 8 10 11 | 11.1
Stealth        | |  2.0

Action                   |  1- 3 |  4- 6 |  7- 9 | 10-12 | 13-15 | 16-18 || total
-------------------------+-------+-------+-------+-------+-------+-------++-------
Melee: Falchion          |    91 |   244 |       |   431 |       |       ||   766
       Long sword        |       |    35 |   712 |    31 |       |       ||   778
       Double sword      |       |       |       |   424 |  1357 |   348 ||  2129
       Headbutt          |       |       |       |    38 |   410 |    92 ||   540
       Demon blade       |       |       |       |       |    99 |       ||    99
Invok: Heroism           |       |       |     4 |     7 |    11 |     3 ||    25
       Finesse           |       |       |       |     2 |     3 |     1 ||     6
Evoke: Wand              |       |       |       |       |     1 |       ||     1
  Use: Scroll            |       |     7 |     8 |    17 |    13 |     1 ||    46
       Potion            |       |       |     3 |     7 |     2 |       ||    12
 Stab: Distracted        |       |       |       |     2 |       |       ||     2
  Eat: Chunk             |       |     7 |    10 |    13 |    22 |     3 ||    55
       Bread ration      |       |       |     2 |     3 |     2 |     1 ||     8
       Pizza             |       |       |     3 |       |     6 |     1 ||    10
       Fruit             |       |       |     1 |       |     6 |       ||     7
       Royal jelly       |       |       |       |     1 |     1 |       ||     2
       Beef jerky        |       |       |       |       |     2 |       ||     2
Armor: Scale mail        |    48 |   106 |    55 |       |       |       ||   209
       Chain mail        |       |       |   247 |     2 |   658 |   136 ||  1043
       Ring mail         |       |       |    23 |   198 |       |       ||   221
Dodge: Dodged            |    39 |    80 |   220 |   326 |   689 |   144 ||  1498
Block: Shield            |    38 |   117 |   363 |   195 |  1054 |   301 ||  2068
       Large shield      |       |       |       |   568 |     1 |       ||   569
       Reflection        |       |       |       |       |    38 |    15 ||    53
       Rpst.: Falchion   |     9 |    27 |       |    42 |       |       ||    78
       Long sword        |       |     2 |    65 |     5 |       |       ||    72
       Double sword      |       |       |       |    41 |   180 |    36 ||   257
       Demon blade       |       |       |       |       |     5 |       ||     5
